Map: Golden Wall LE

Players

Serral - Winner!

  • Race: Zerg Zerg
  • League: Master
  • Spawn Location: 5:00

HeroMarine

  • Race: Terran Terran
  • League: Master
  • Spawn Location: 7:00

Event: DreamHack SC2 Masters 2020 Fall

VOD

https://youtu.be/Lp9EDgh16vU

Description

Time

  • Played on: Sept. 12, 2020, 1:22 p.m.
  • Length: 13:55

All games in this series

Show
View Real Time Build Order
Export as new Build Order

Serral Zerg - Winner!

Build Orders: Hatch First, Muta Ling Bane, Roach Nydus 

Get SALT Encoding   

  12  0:00  Drone  
  13  0:13  Overlord  
  13  0:17  Drone  
  14  0:31  Drone x2  
  16  0:48  Hatchery  
  15  0:51  Drone  
  15  0:55  Drone  
  17  0:58  Drone  
  18  1:08  Extractor  
  17  1:14  Spawning Pool  
  17  1:17  Drone  
  17  1:20  Drone  
  18  1:29  Drone  
  20  1:40  Drone  
  20  1:50  Overlord  
  22  2:01  Queen  
  22  2:02  Zergling x4  
  26  2:10  Drone  
  26  2:11  Lair  
  26  2:12  Drone  
  26  2:21  Drone  
  26  2:22  Drone  
  28  2:33  Drone x2  
  28  2:37  Queen, Extractor  
  32  2:44  Drone x2  
  32  2:48  Roach Warren  
  32  2:55  Drone x2  
  34  3:04  Overlord  
  34  3:09  Nydus Network  
  33  3:13  Queen  
  35  3:23  Overlord  
  35  3:25  Overlord  
  35  3:29  Roach x2  
  35  3:32  Roach  
  41  3:35  Roach  
  43  3:41  Roach  
  43  3:42  Roach  
  43  3:46  Nydus Canal  
  47  3:51  Roach  
  47  3:54  Roach  
  51  3:59  Roach  
  52  4:08  Roach x2  
  55  4:15  Roach  
  57  4:24  Roach  
  57  4:29  Roach  
  59  4:33  Queen  
  53  4:39  Roach x3  
  53  4:40  Queen  
  47  4:54  Roach  
  47  4:57  Roach  
  49  5:01  Roach  
  49  5:03  Roach  
  49  5:09  Queen  
  49  5:11  Roach  
  49  5:13  Roach  
  53  5:17  Drone  
  48  5:22  Drone  
  48  5:24  Drone  
  48  5:26  Queen  
  50  5:30  Drone  
  51  5:41  Drone, Spire  
  51  5:43  Drone  
  52  5:50  Overlord  
  52  5:51  Drone  
  52  5:53  Drone  
  52  5:55  Drone  
  55  5:58  Drone  
  55  5:59  Overseer  
  55  6:01  Drone  
  57  6:05  Drone x2  
  57  6:07  Drone  
  60  6:12  Drone  
  60  6:16  Extractor  
  60  6:17  Extractor  
  59  6:19  Overlord  
  59  6:21  Drone x3  
  62  6:27  Overlord  
  62  6:31  Drone  
  63  6:35  Overlord  
  63  6:39  Overlord  
  63  6:42  Overlord  
  63  6:49  Drone x2  
  65  7:02  Hatchery  
  65  7:04  Mutalisk x4  
  65  7:08  Mutalisk  
  74  7:15  Metabolic Boost  
  74  7:19  Drone  
  74  7:20  Baneling Nest  
  74  7:21  Drone x2  
  76  7:23  Drone  
  76  7:24  Drone  
  76  7:28  Mutalisk  
  80  7:30  Drone x2  
  80  7:33  Drone  
  80  7:35  Drone  
  84  7:39  Overlord  
  84  7:41  Zerg Flyer Weapons Level 1  
  84  7:42  Drone  
  85  7:45  Drone  
  86  7:51  Mutalisk  
  86  7:53  Zergling x2  
  86  7:54  Drone, Zergling x2  
  86  7:55  Drone  
  92  8:00  Overlord  
  92  8:02  Drone x2  
  94  8:06  Centrifical Hooks  
  94  8:13  Drone x2  
  94  8:15  Mutalisk  
  98  8:22  Mutalisk  
  98  8:24  Zergling x4  
  102  8:28  Extractor x2  
  102  8:31  Drone x2  
  102  8:33  Evolution Chamber x2  
  100  8:37  Drone  
  100  8:38  Drone x5  
  100  8:40  Zergling x4  
  108  8:47  Drone  
  109  8:49  Overlord  
  109  8:52  Mutalisk  
  111  8:56  Baneling x5  
  111  8:57  Baneling x2  
  111  9:03  Zerg Ground Armor Level 1, Zerg Melee Weapons Level 1  
  111  9:06  Zergling x10  
  116  9:12  Hatchery  
  115  9:17  Pneumatized Carapace  
  115  9:19  Mutalisk  
  115  9:22  Mutalisk  
  119  9:27  Zergling x14  
  126  9:32  Overlord  
  126  9:36  Ravager x3  
  129  9:39  Drone  
  129  9:40  Overlord  
  129  9:43  Overlord  
  130  9:49  Overlord x3  
  130  9:51  Mutalisk x2  
  134  9:54  Drone x3  
  137  10:01  Drone x3  
  137  10:06  Zergling x10  
  145  10:10  Ravager x2  
  145  10:11  Ravager  
  145  10:12  Baneling x2  
  145  10:13  Baneling x2  
  148  10:17  Mutalisk  
  148  10:19  Overlord  
  150  10:23  Overlord  
  150  10:25  Zergling x6  
  153  10:31  Baneling x5  
  153  10:37  Drone x3  
  153  10:42  Baneling x7  
  155  10:43  Zergling x14  
  155  10:46  Baneling  
  162  10:50  Overlord  
  162  10:58  Mutalisk  
  162  11:00  Drone  
  162  11:01  Zergling x18  
  174  11:11  Zerg Ground Armor Level 2  
  173  11:16  Zerg Melee Weapons Level 2  
  173  11:17  Zergling x2  
  173  11:18  Zergling x22  
  181  11:28  Baneling x17  
  181  11:36  Baneling x5  
  181  11:37  Baneling  
  181  11:39  Baneling  
  181  11:40  Zergling x28  
  181  11:45  Hatchery  
  194  11:49  Zergling x12  
  194  11:51  Baneling x4  
  199  12:00  Baneling  
  199  12:01  Baneling x9  
  196  12:03  Zergling x12  
  198  12:09  Zergling x4  
  198  12:11  Baneling x7  
  200  12:20  Baneling x5  
  200  12:32  Baneling x8  
  196  12:46  Zergling x6  
  196  12:48  Baneling  
  196  12:49  Baneling x10  
  199  12:57  Zergling x6  
  199  12:59  Baneling x7  
  151  13:13  Zergling x20  
  151  13:14  Zergling x30  
  151  13:17  Baneling x12  
  170  13:29  Zergling x26  
Show
View Real Time Build Order
Export as new Build Order

HeroMarine Terran 

Build Orders:  

Get SALT Encoding   

  12  0:00  SCV  
  13  0:12  SCV  
  14  0:17  Supply Depot  
  14  0:24  SCV  
  15  0:39  SCV  
  15  0:40  Barracks  
  16  0:43  Refinery  
  16  0:51  SCV  
  17  1:03  SCV  
  18  1:15  SCV  
  19  1:27  Orbital Command  
  19  1:28  Barracks Reactor  
  19  1:40  Command Center  
  19  1:47  Supply Depot  
  19  1:53  SCV  
  20  2:02  Factory  
  20  2:05  SCV  
  20  2:08  Marine  
  22  2:09  Marine  
  23  2:17  SCV  
  24  2:25  Marine  
  24  2:27  Marine  
  24  2:29  SCV  
  27  2:41  SCV  
  28  2:48  Starport  
  28  2:52  Hellion x2  
  28  2:53  SCV  
  28  2:54  Orbital Command  
  28  2:56  Marine  
  34  3:05  SCV  
  35  3:13  Hellion, Marine  
  35  3:14  Hellion  
  35  3:17  SCV  
  41  3:20  SCV  
  41  3:22  Supply Depot  
  41  3:24  Medivac  
  44  3:30  Supply Depot  
  45  3:34  SCV  
  45  3:38  SCV  
  46  3:45  Factory Tech Lab  
  46  3:47  SCV, Marine x2  
  49  3:50  SCV  
  50  3:59  SCV  
  50  4:02  SCV  
  51  4:05  Marine x2  
  51  4:08  Cyclone  
  55  4:11  SCV  
  55  4:14  SCV  
  56  4:22  Marine  
  56  4:23  SCV, Marine  
  47  4:32  SCV  
  47  4:35  SCV  
  41  4:40  Marine x2  
  41  4:44  SCV  
  40  4:47  SCV  
  37  4:56  SCV  
  37  4:58  Marine x2  
  37  4:59  SCV  
  37  5:08  SCV  
  37  5:11  SCV  
  36  5:16  Marine x2  
  36  5:21  SCV  
  35  5:23  SCV, Refinery  
  36  5:33  SCV  
  36  5:34  Marine x2  
  39  5:35  SCV  
  39  5:39  Command Center  
  40  5:45  Viking, SCV  
  40  5:48  SCV  
  44  5:52  Marine x2  
  46  5:57  SCV  
  46  6:00  SCV  
  46  6:02  Supply Depot  
  48  6:09  SCV  
  49  6:12  SCV  
  50  6:18  Barracks, Factory Reactor  
  50  6:19  Barracks  
  50  6:21  Stimpack, SCV  
  50  6:23  Marine  
  50  6:24  SCV  
  53  6:32  Starport Reactor  
  53  6:33  SCV  
  53  6:36  SCV  
  55  6:41  Marine  
  55  6:45  SCV  
  55  6:48  Bunker, SCV  
  55  6:51  Orbital Command  
  56  6:57  SCV  
  56  6:59  Marine  
  56  7:00  SCV  
  56  7:01  Supply Depot  
  59  7:05  Engineering Bay  
  59  7:07  Factory Tech Lab, Refinery  
  59  7:09  SCV  
  59  7:12  SCV  
  61  7:17  SCV, Marine  
  61  7:20  Supply Depot, Marine x4  
  61  7:22  SCV  
  68  7:27  Supply Depot  
  68  7:28  Siege Tank, Supply Depot  
  71  7:30  SCV  
  71  7:33  SCV, Terran Infantry Weapons Level 1  
  71  7:34  Marine  
  74  7:38  SCV  
  74  7:39  Marine x2  
  74  7:41  Marine  
  74  7:42  Marine  
  79  7:45  Refinery  
  79  7:52  SCV  
  79  7:53  Barracks, SCV  
  79  7:54  Orbital Command, Barracks  
  80  8:04  SCV  
  80  8:05  SCV  
  78  8:08  Marine x5  
  78  8:12  Siege Tank  
  86  8:16  SCV  
  86  8:17  SCV  
  86  8:25  Marine  
  86  8:26  Marine x2  
  87  8:27  Medivac x2  
  87  8:28  SCV  
  87  8:29  SCV, Marine  
  87  8:30  Marine  
  94  8:35  Missile Turret  
  94  8:40  SCV  
  96  8:42  Barracks Reactor  
  96  8:43  Marine x2  
  96  8:44  Marine, Barracks Reactor  
  96  8:45  Missile Turret  
  96  8:48  Marine x2  
  98  8:54  Siege Tank  
  101  8:58  SCV, Supply Depot  
  101  9:00  SCV  
  102  9:03  Missile Turret  
  102  9:05  SCV  
  101  9:10  SCV  
  101  9:12  SCV  
  101  9:13  Combat Shield  
  101  9:14  Missile Turret  
  103  9:17  SCV  
  103  9:19  Armory  
  103  9:21  Marine x2  
  103  9:22  SCV, Marine  
  103  9:23  Marine  
  109  9:24  SCV, Marine  
  109  9:27  Supply Depot, Marine  
  111  9:34  Marine x3  
  111  9:35  Missile Turret, SCV  
  111  9:36  SCV  
  116  9:38  Siege Tank  
  116  9:40  SCV  
  116  9:42  Marine  
  116  9:43  Marine x3  
  116  9:45  Medivac  
  125  9:48  Medivac, Supply Depot  
  125  9:51  Supply Depot  
  128  9:58  Marine x2  
  128  9:59  Marine x2  
  129  10:02  Barracks, Marine  
  129  10:03  Barracks  
  129  10:04  Barracks  
  130  10:09  Marine x4  
  130  10:10  Missile Turret  
  130  10:14  Siege Tank  
  137  10:16  Terran Infantry Weapons Level 2  
  137  10:19  Engineering Bay, Marine  
  138  10:23  Medivac  
  138  10:25  Medivac  
  138  10:28  Supply Depot, Marine  
  142  10:33  Supply Depot  
  143  10:38  Marine  
  143  10:39  Marine x5  
  143  10:41  Supply Depot  
  149  10:48  Marine x3  
  149  10:51  Siege Tank  
  149  10:52  Marine x2  
  149  10:55  Medivac, Marine  
  149  10:56  Marine  
  149  10:57  Marine x3  
  157  10:58  Marine  
  160  11:06  Marine x4  
  160  11:09  Marine  
  160  11:10  Marine  
  166  11:12  Terran Infantry Armor Level 1  
  166  11:13  Marine  
  166  11:14  Marine  
  166  11:18  Marine x4  
  169  11:24  Marine  
  169  11:25  Marine  
  173  11:26  Marine  
  173  11:36  Supply Depot x2  
  173  11:37  Medivac, Marine x6  
  181  11:43  Supply Depot  
  181  11:57  Marine x3  
  181  11:58  Marine x5  
  186  12:08  SCV x2  
  181  12:09  SCV  
  182  12:18  Barracks Tech Lab, Medivac  
  182  12:19  Marine x10  
  192  12:31  Marine  
  192  12:36  Marine  
  192  12:37  Marine x9  
  189  12:40  Missile Turret  
  197  12:48  Medivac  
  197  12:49  Marine  
  200  12:54  Marine  
  200  12:56  Marine  
  193  13:03  Marine x7  
  193  13:07  Marine  
  193  13:08  Marine  
  193  13:12  Marine  
  155  13:16  Marine  
  155  13:18  Medivac  
  157  13:21  Marine x7  
  157  13:25  Marine x2  
  163  13:30  Marine  
  163  13:33  Marine  

Tags
 
Add a new tag
Caveats
  • Supply blocks, unpowered buildings, or Contaminate may cause inaccurate times.
  • Supply counts are checked every 10 seconds.